 Dungeon Crawl Stone Soup version 0.30-a0-777-ga9a30cbeda (webtiles) character file.

Game seed: 4520414826470478673

154 jimonade the Shield-Bearer (level 5, 0/42 HPs)
             Began as a Formicid Fighter on Feb 14, 2023.
             Slain by an orc priest
             ... wielding a +0 club
              (4 damage)
             ... on level 3 of the Dungeon.
             The game lasted 00:04:54 (3272 turns).

jimonade the Shield-Bearer (Formicid Fighter)       Turns: 3272, Time: 00:04:55

Health: 0/42       AC:  6    Str: 20    XL:     5   Next: 62%
Magic:  5/5        EV:  9    Int: 16    God:
Gold:   191        SH:  5    Dex: 13    Spells: 4/4 levels left

rFire   . . .      SeeInvis +    a - +0 trident
rCold   . . .      Faith    .    c - +0 buckler
rNeg    . . .      Spirit   .    b - +0 scale mail
rPois   .          Reflect  .    (helmet unavailable)
rElec   .          Harm     .    (no cloak)
rCorr   .          Rampage  .    (no gloves)
Will    .....                    (no boots) Stlth
                                 (no amulet)
HPRegen 0.27/turn                p - +6 ring of intelligence
MPRegen 0.09/turn                (no ring)

@: no status effects
A: permanent stasis, dig shafts and tunnels, antennae 3, four strong arms
a: Dig, Shaft Self


You were on level 3 of the Dungeon.
You visited 1 branch of the dungeon, and saw 4 of its levels.

You collected 191 gold pieces.

Inventory:

Hand Weapons
 a - a +0 trident (weapon)
Missiles
 j - 3 poisoned darts
 y - a stone
Armour
 b - a +0 scale mail (worn)
 c - a +0 buckler (worn)
Magical Staves
 m - a staff of death
 r - a staff of cold
Jewellery
 p - a +6 ring of intelligence (left hand)
Scrolls
 e - a scroll of amnesia {unknown}
 f - 2 scrolls of noise {unknown}
 g - 3 scrolls of identify {unknown}
 k - 3 scrolls of enchant weapon {unknown}
 n - a scroll of immolation {unknown}
 o - a scroll of vulnerability {unknown}
 q - a scroll of fog {unknown}
 s - 3 scrolls of fear {unknown}
 t - a scroll of blinking {unknown}
 v - a scroll of poison {unknown}
 x - a scroll of summoning {unknown}
Potions
 d - a potion of might
 h - a potion of mutation {unknown}
 i - 3 potions of curing {unknown}
 l - a potion of berserk rage {unknown}
 u - a potion of invisibility {unknown}
 w - a potion of flight {unknown}


   Skills:
 + Level 3.7 Fighting
 * Level 4.3 Polearms
 + Level 3.6 Armour
 + Level 0.5 Dodging
 + Level 0.1 Stealth
 + Level 4.7 Shields


You had 4 spell levels left.
You didn't know any spells.
Your spell library contained the following spells:

 Spells                   Type           Power      Damage    Failure   Level
 Necrotise                Necr           0%         1d4       65%         1
 Slow                     Hex            0%         N/A       65%         1
 Sublimation of Blood     Necr           0%         N/A       78%         2
 Wereblood                Tmut           0%         N/A       78%         2
 Confusing Touch          Hex            0%         N/A       95%         3
 Vampiric Draining        Necr           0%         2d6       95%         3
 Agony                    Necr           0%         N/A       100%        5
 Summon Hydra             Summ           0%         N/A       100%        7


Dungeon Overview and Level Annotations

Branches:
Dungeon (4/15)
 Temple: D:4-7

Altars:
Elyvilon

Shops:
D:1 (   D:3 (


Innate Abilities, Weirdness & Mutations

You cannot be hasted, slowed, berserked, paralysed or teleported.
You can dig through walls and to a lower floor.
You have a pair of large antennae on your head. (SInv)
Your four strong arms can wield two-handed weapons with a shield.


Message History

You hit the orc priest but do no damage.
The orc priest hits you with a +0 club. The orc priest closely misses you.
You completely miss the orc priest.
The orc priest mumbles some strange prayers to Beogh against you.
Beogh smites you!
You hit the orc priest.
The orc priest is lightly wounded.
The orc priest barely misses you.
You barely miss the orc priest.
The orc priest is lightly wounded.
The orc priest closely misses you.
You hit the orc priest but do no damage.
The orc priest is lightly wounded.
The orc priest barely misses you.
You closely miss the orc priest.
The orc priest is lightly wounded.
The orc priest completely misses you.
You hit the orc priest but do no damage.
The orc priest is lightly wounded.
The orc priest invokes the aid of Beogh against you.
Pain shoots through your body!
* * * LOW HITPOINT WARNING * * *
You hit the orc priest but do no damage.
The orc priest is lightly wounded.
The orc priest hits you with a +0 club.
* * * LOW HITPOINT WARNING * * *
You barely miss the orc priest.
The orc priest is lightly wounded.
You block the orc priest's attack. The orc priest hits you with a +0 club.
* * * LOW HITPOINT WARNING * * *
You hit the orc priest.
The orc priest is moderately wounded.
The orc priest barely misses you.
You hit the orc priest but do no damage.
The orc priest is moderately wounded.
The orc priest hits you but does no damage.
You hit the orc priest.
The orc priest is heavily wounded.
The orc priest hits you with a +0 club.
You die...

....# ....# ....# ....# #####
....####### ###.>..
..........###### ##### #.#....
....#.......)..###...# ##.#....
..........####.o##...# #..#....
....#.....# ##.@)...## ##....#..
....#.....# ####....###.......#
#####.....# #.........##...#
#...>.########...............
##.....##≈~..♣♣♣..~~#.....#.##
###PPPP..##~~P..P...~~.........#
##~~PP~P..##.P.♣♣.♣♣P..#.##......
~.PPPP~~....P.♣♣P.P♣♣..#.#.......
~P~♣~~.P#...♣.♣P.[..♣.♣#.#.#.....


You could see an orc priest.

Vanquished Creatures
  A hound (D:2)
  An iguana (D:3)
  3 gnolls
  A dart slug (D:3)
  2 orcs (D:3)
  9 endoplasms
  2 giant cockroaches
  6 goblins
  7 hobgoblins
  4 jackals (D:1)
  A quokka (D:1)
  6 ball pythons
  5 bats
  2 frilled lizards (D:2)
  7 kobolds
  3 rats
60 creatures vanquished.

Notes
Turn   | Place    | Note
-------+----------+-------------------------------------------
     0 | D:1      | jimonade the Formicid Fighter began the quest for the Orb.
     0 | D:1      | Reached XP level 1. HP: 18/18 MP: 1/1
   113 | D:1      | Reached XP level 2. HP: 24/24 MP: 2/2
   239 | D:1      | Found Ossaaxka's Weapon Shoppe.
   574 | D:1      | Reached XP level 3. HP: 29/29 MP: 3/3
  1380 | D:2      | Reached XP level 4. HP: 24/35 MP: 4/4
  2075 | D:2      | Reached XP level 5. HP: 30/41 MP: 5/5
  2127 | D:3      | Found Aqouqac's Weapon Emporium.
  2349 | D:3      | Found a white marble altar of Elyvilon.
  3272 | D:3      | Slain by an orc priest

Illustrated notes

Levels and vault maps discovered:
D:1:      dpeg_arrival_simpleton_b, layout_basic, serial_shops, shop, hex_medium
D:2:      layout_basic, serial_aquarium, aquarium_bridge_long_separate
          [aquarium_subvault_window, aquarium_subvault_bridge,
          aquarium_subvault_bridge, aquarium_subvault_bridge,
          aquarium_subvault_wall, aquarium_subvault_bridge],
          aquarium_window_double, aquarium_window_double,
          aquarium_window_corner, aquarium_window_corridor_1, aquarium_view_2c,
          aquarium_view_2e, aquarium_balcony_double_1, minmay_heptomino_l4
D:3:      layout_rooms, nicolae_elyvilon_peaceful_grove, serial_shops,
          nicolae_shop_statue_plus, serial_bayou_lagoon_a
D:4:      cheibrodos_pilgrimage, layout_basic,
          eino_small_chamber_without_monster, uniq_sigmund

Skill      XL: |  1  2  3  4  5 |
---------------+----------------+-----
Polearms       | 3 4 |  4.3
Fighting       | |  3.7
Armour         | |  3.6
Dodging        | |  0.5
Stealth        | |  0.1
Shields        | |  4.7

Action                     |  1- 3 |  4- 6 || total
---------------------------+-------+-------++-------
  Melee: Trident           |   123 |    97 ||   220
 Armour: Scale mail        |    69 |    21 ||    90
  Dodge: Dodged            |    70 |    47 ||   117
  Block: Buckler           |    32 |    26 ||    58

Table legend: (Time is in decaauts)
 A = Elapsed time spent in this place.
 B = Non-inter-level travel time spent in this place.
 C = Inter-level travel time spent in this place.
 D = Time resting spent in this place.
 E = Time spent auto-exploring this place.
 F = Levels seen in this place.
 G = Mean time per level.
                   A        B        C        D        E       F      G
               +--------+--------+--------+--------+--------+-----+--------+
         Total |   3319 |   3187 |    132 |    862 |   1778 |   4 |  829.8 |
       Dungeon |   3319 |   3187 |    132 |    862 |   1778 |   4 |  829.8 |
               +--------+--------+--------+--------+--------+-----+--------+

Top non-repeatable levels by time:
     D:3: 1155 daAuts
     D:1: 1075 daAuts
     D:2: 1065 daAuts
     D:4: 22 daAuts
